 Dungeon Crawl Stone Soup version 0.30-a0-242-g7bf8e6d787 (webtiles) character file.

Game seed: 13231988524291283413

37903 koil the Unseen (level 13, -10/63 HPs)
             Began as a Spriggan Enchanter on Oct 11, 2022.
             Was the Champion of Okawaru.
             Mangled by a spriggan berserker
             ... wielding a +1 antimagic demon whip
              (20 damage)
             ... on level 2 of the Lair of Beasts on Oct 12, 2022.
             The game lasted 01:37:47 (17917 turns).

koil the Unseen (Spriggan Enchanter)               Turns: 17917, Time: 01:37:47

Health: -10/63     AC: 19    Str:  6    XL:     13   Next: 60%
Magic:  0/30       EV: 22    Int: 19    God:    Okawaru [******]
Gold:   913        SH:  0    Dex: 21    Spells: 27/36 levels left

rFire   . . .      SeeInvis +    a - +7 quick blade (drain)
rCold   . . .      Faith    .    (no shield)
rNeg    + . .      Spirit   +    X - +6 acid dragon scales of Vanity {rN+ Will+ rCorr Str+2}
rPois   +          Reflect  .    B - +0 hat of Okawaru's Condemnation {Int+3}
rElec   .          Harm     .    V - +2 cloak {Stlth+}
rCorr   +          Rampage  .    (gloves unavailable)
Will    +++++                    (boots unavailable)
Stlth   ++++++++..               I - amulet of guardian spirit
HPRegen 0.30/turn                F - ring of willpower
MPRegen 0.22/turn                E - +4 ring of protection

@: very quick
A: very small, no large weapons, unfitting armour, see invisible, speed 3,
talons 1, strong-willed 1, poison resistance
a: Renounce Religion, Heroism, Finesse, Duel


You were on level 2 of the Lair of Beasts.
You worshipped Okawaru.
Okawaru was exalted by your worship.
You visited 3 branches of the dungeon, and saw 15 of its levels.

You collected 913 gold pieces.

Inventory:

Hand Weapons
 a - a +7 quick blade of draining (weapon)
 b - the +9 short sword of Might {vorpal, rPois rF+ rC+}
   (You found it on level 11 of the Dungeon)

   It inflicts extra damage upon your enemies.
   rF:        It protects you from fire.
   rC:        It protects you from cold.
   rPois:     It protects you from poison.
 f - a +3 scimitar of flaming
 k - a +0 vorpal spear
 m - a +2 dagger of speed
 s - the +11 spear of Pain and Death {freeze, rC+ Will+}
   (You took it off a spriggan on level 11 of the Dungeon)

   It freezes those it strikes, dealing additional cold damage.
   It can also slow down cold-blooded creatures.
   rC:        It protects you from cold.
   Will:      It increases your willpower.
 G - a +1 sling of freezing
 R - a +1 dagger of venom
Missiles
 r - 27 poisoned darts (quivered)
 J - 2 curare-tipped darts
 N - 2 boomerangs
 O - an atropa-tipped dart
Armour
 e - the +0 robe of the Volcano {rPois rC+}
   (Okawaru gifted it to you on level 11 of the Dungeon)

   rC:        It protects you from cold.
   rPois:     It protects you from poison.
 h - a +2 troll leather armour
 i - a +1 hat
 B - the +0 hat of Okawaru's Condemnation (worn) {Int+3}
   (Okawaru gifted it to you on level 1 of the Lair of Beasts)

   Int:       It affects your intelligence (+3).
 V - a +2 cloak of stealth (worn)
 X - the +6 acid dragon scales of Vanity (worn) {rN+ Will+ rCorr Str+2}
   (Okawaru gifted it to you on level 3 of the Lair of Beasts)

   Str:       It affects your strength (+2).
   rN:        It protects you from negative energy.
   rCorr:     It protects you from acid and corrosion.
   Will:      It increases your willpower.
Jewellery
 g - an amulet of the acrobat
 y - a ring of ice
 E - a +4 ring of protection (right hand)
 F - a ring of willpower (left hand)
 I - an amulet of guardian spirit (around neck)
 S - a ring of positive energy
 W - a ring of protection from cold
 Z - a ring of flight
Wands
 u - a wand of mindburst (2)
 A - a wand of light (10)
 H - a wand of polymorph (9)
 K - a wand of paralysis (3)
 L - a wand of flame (29)
 P - a wand of iceblast (8)
Scrolls
 l - 6 scrolls of teleportation
 p - a scroll of fear
 q - 4 scrolls of magic mapping
 t - 2 scrolls of poison
 v - a scroll of fog
 w - 2 scrolls of blinking
 z - a scroll of summoning
 T - a scroll of amnesia
Potions
 c - 4 potions of invisibility
 d - 7 potions of curing
 j - 2 potions of might
 n - 2 potions of brilliance
 o - 2 potions of heal wounds
 x - 4 potions of flight
 C - 5 potions of lignification
 D - 2 potions of cancellation
 M - a potion of haste
 Q - a potion of berserk rage
 Y - a potion of magic {unknown}
Miscellaneous
 U - a piece from Xom's chessboard (15/15)


   Skills:
 + Level 4.9 Fighting
 + Level 8.3 Short Blades
 - Level 0.5 Throwing
 + Level 9.5 Dodging
 + Level 18.8 Stealth
 + Level 12.0 Spellcasting
 + Level 11.7 Hexes
 + Level 6.8 Ice Magic
 + Level 5.1 Invocations
 - Level 2.9 Evocations


You had 27 spell levels left.
You knew the following spells:

 Your Spells              Type           Power      Damage    Failure   Level
a - Ensorcelled Hibernat  Hex/Ice        92%        N/A       1%          2
b - Confusing Touch       Hex            54%        N/A       1%          3
c - Dazzling Flash        Conj/Hex       66%        N/A       3%          3
d - Slow                  Hex            100%       N/A       1%          1

Your spell library contained the following spells:

 Spells                   Type           Power      Damage    Failure   Level
 Cigotuvi's Dreadful Rot  Necr/Pois/Air  22%        N/A       19%         2
 Poisonous Vapours        Pois/Air       22%        N/A       19%         2
 Sublimation of Blood     Necr           11%        N/A       19%         2
 Wereblood                Tmut           11%        N/A       19%         2
 Gell's Gravitas          Tloc           11%        N/A       36%         3
 Lesser Beckoning         Tloc           22%        N/A       36%         3
 Mephitic Cloud           Conj/Pois/Air  11%        N/A       36%         3
 Teleport Other           Tloc           11%        N/A       36%         3
 Vampiric Draining        Necr           11%        2d6       36%         3
 Blade Hands              Tmut           5%         N/A       98%         5
 Iron Shot                Conj/Erth      5%         9d2       100%        6
 Borgnjor's Revivificati  Necr           5%         N/A       100%        8
 Necromutation            Tmut/Necr      5%         N/A       100%        8
 Death's Door             Necr           5%         N/A       100%        9
 Tukima's Dance           Hex            Unusable   N/A       N/A         3
 Summon Guardian Golem    Hex/Summ       Unusable   N/A       N/A         3
 Summon Small Mammal      Summ           Unusable   N/A       N/A         1
 Call Canine Familiar     Summ           Unusable   N/A       N/A         3
 Animate Armour           Summ/Erth      Unusable   N/A       N/A         4
 Summon Hydra             Summ           Unusable   N/A       N/A         7

Dungeon Overview and Level Annotations

Branches:
Dungeon (11/15)            Temple (1/1) D:7            Lair (3/5) D:11
 Shoals (0/4) Lair:2        Snake (0/4) Lair:2
    Orc: D:9-12

Altars:
Ashenzari
Cheibriados
Dithmenos
Elyvilon
Fedhas
Gozag
Hepliaklqana
Kikubaaqudgha
Makhleb
Nemelex Xobeh
Okawaru
Qazlal
Ru
Sif Muna
Trog
Uskayaw
Vehumet
Wu Jian
Xom
Yredelemnul
Zin
The Shining One

Shops:
D:1 :

Annotations:
Lair:3 SirDiesAlot's ghost, adept TeFE


Innate Abilities, Weirdness & Mutations

You are very small and have problems with some larger weapons.
You are too small for most types of armour.
You have supernaturally acute eyesight. (SInv)
You cover ground extremely quickly. (Speed+++)
You have sharp toenails.
You are strong-willed. (Will+)
Your system is resistant to poisons. (rPois)


Message History

Press: ? - help, Shift-Dir - straight line, f/p - spriggan berserker
Aim: a spriggan berserker, wielding a +1 antimagic demon whip and wearing a +2 robe (chance to affect: 2%)
The spriggan berserker resists with almost no effort.
The polar bear bites you but does no damage.
The polar bear claws you but does no damage.
The polar bear misses you.
The spriggan berserker mumbles some strange prayers to Trog.
The death yak goes berserk!
Casting: Ensorcelled Hibernation (safe; 1% risk of failure)
Confirm with . or Enter, or press ? or * to list all spells.
Aiming: Ensorcelled Hibernation (safe; 1% risk of failure)
Press: ? - help, Shift-Dir - straight line, f/p - spriggan berserker
Aim: a spriggan berserker, wielding a +1 antimagic demon whip and wearing a +2 robe (chance to affect: 2%)
The spriggan berserker resists with almost no effort.
The polar bear bites you! The polar bear misses you.
The polar bear closely misses you.
The spriggan berserker prays to Trog.
The spriggan berserker goes berserk!
The death yak gores you!! The polar bear completely misses you.
The polar bear claws you but does no damage.
The polar bear barely misses you.
The spriggan berserker attacks as you move away!
The spriggan berserker hits you with a +1 antimagic demon whip!
* * * LOW HITPOINT WARNING * * *
You feel your power leaking away. The death yak misses you.
The polar bear rages.
The spriggan berserker barely misses you.
There is a stone staircase leading up here.
The death yak gores you!
* * * LOW HITPOINT WARNING * * *
The spriggan berserker barely misses you.
You climb upwards.
The polar bear is no longer berserk.
The polar bear disappears in a puff of smoke!
The death yak is no longer berserk.
The death yak disappears in a puff of smoke!
There is a stone staircase leading down here.
The spriggan berserker attacks as you move away!
The spriggan berserker hits you with a +1 antimagic demon whip!!
You die...

...........#.....................
..#.###....#..##...#####...P##...
P#####...#.####..### ##P.(######.
#######..#...#...# ###.....## ##.
#...P#...P.......###.##...#.###..
.............................)...
.............................)##.
...###.##..##P#i..##P...##...##..
##.# ###....###.@####...###..#...
### ##...##...# #...###.##...
#..####..####....##.#..## ######
##..P.#...P#.....###.#....
P#P..###P...............##P.#...>
.........................#..#..).
..................#.#.......#..##
##.#P.##P........###........##...
########........P###..#..#..#)..


You could see a spriggan berserker (berserk).

Vanquished Creatures
  A hydra (D:9)
  A boulder beetle (D:11)
  The ghost of Hubris850 the Slicer, a journeyman MfIE of Dithmenos (D:11)
  5 two-headed ogres
  4 centaur warriors (D:9)
  A tengu warrior (D:9)
  5 death yaks (Lair:3)
  4 skeletal warriors
  A wolf spider (D:9)
  2 deep elf pyromancers (D:9)
  A moth of wrath (Lair:3)
  An elephant (D:11)
  A torpor snail (Lair:1)
  4 black mambas
  4 merfolk sirens (Lair:2)
  A cane toad (Lair:2)
  3 efreet
  An unseen horror (D:10)
  A yaktaur (shapeshifter) (D:11)
  A kobold demonologist (D:9)
  A rime drake (Lair:3)
  6 komodo dragons (Lair:2)
  A troll (D:10)
  A polar bear (shapeshifter) (D:11)
  9 blink frogs
  3 hornets
  3 shadows
  8 spriggans
  3 wraiths
  A wyvern (Lair:2)
  7 basilisks
  34 yaks
  A steam dragon (D:8)
  Menkaure (D:7)
  5 nagas (Lair:2)
  An acid dragon (D:9)
  6 water moccasins
  3 orc warriors
  An ice beast (D:5)
  3 black bears
  6 centaurs
  A tengu (shapeshifter) (D:9)
  2 ogres
  6 wolves (Lair:3)
  2 kobold brigands
  10 bullfrogs
  A gnoll sergeant (D:10)
  3 necrophages
  2 scorpions
  6 wights
  4 killer bees
  10 howler monkeys
  A jelly (D:6)
  4 hounds
  A gnoll bouda (D:5)
  4 orc priests
  Jessica (D:3)
  5 iguanas
  7 orc wizards
  The ghost of KennySheep the Insei, a weakling DgTm (D:4)
  7 gnolls
  6 adders
  A shadow imp (D:6)
  An ufetubus (D:7)
  2 worms (D:4)
  A dart slug (D:1)
  24 orcs
  6 ball pythons
  4 endoplasms
  4 giant cockroaches
  7 hobgoblins
  2 quokkas
  6 bats
  2 frilled lizards
  4 goblins
  13 kobolds
  5 rats
313 creatures vanquished.

Vanquished Creatures (others)
  2 fungi
  12 plants
14 creatures vanquished.

Grand Total: 327 creatures vanquished

Notes
Turn   | Place    | Note
-------+----------+-------------------------------------------
     0 | D:1      | koil the Spriggan Enchanter began the quest for the Orb.
     0 | D:1      | Reached XP level 1. HP: 9/9 MP: 5/5
    25 | D:1      | Found Koesag's Book Emporium.
   209 | D:1      | Reached XP level 2. HP: 13/13 MP: 6/6
   212 | D:1      | Learned a level 2 spell: Ensorcelled Hibernation
   686 | D:1      | Reached skill level 5 in Stealth
  1000 | D:2      | Found a faded altar of an unknown god.
  1121 | D:2      | Reached XP level 3. HP: 16/16 MP: 8/8
  1803 | D:3      | Noticed Jessica
  1810 | D:3      | Killed Jessica
  1811 | D:3      | Reached skill level 6 in Stealth
  1811 | D:3      | Reached XP level 4. HP: 21/21 MP: 9/9
  2278 | D:4      | Found a runed translucent gate.
  2344 | D:4      | Noticed an ogre
  2352 | D:4      | Killed an ogre
  2353 | D:4      | Reached skill level 7 in Stealth
  2353 | D:4      | Reached XP level 5. HP: 25/25 MP: 5/11
  2544 | D:4      | Found a runed translucent gate.
  2544 | D:4      | Found a runed translucent gate.
  2737 | D:4      | Reached XP level 6. HP: 22/29 MP: 7/12
  3054 | D:4      | Noticed KennySheep's ghost (weakling DgTm)
  3062 | D:4      | Learned a level 3 spell: Confusing Touch
  3066 | D:4      | Killed KennySheep's ghost
  3117 | D:5      | Entered Level 5 of the Dungeon
  3287 | D:5      | Reached skill level 8 in Stealth
  3287 | D:5      | Reached skill level 1 in Ice Magic
  3357 | D:5      | You fall into a shaft and drop 3 floors!
  3372 | D:7      | Noticed Menkaure
  3380 | D:7      | Killed Menkaure
  3515 | D:6      | Reached XP level 7. HP: 28/32 MP: 9/13
  3520 | D:6      | Reached skill level 1 in Fighting
  3582 | D:6      | Reached skill level 9 in Stealth
  3582 | D:6      | Reached skill level 5 in Hexes
  4041 | D:6      | Reached skill level 10 in Stealth
  4414 | D:5      | Reached XP level 8. HP: 27/37 MP: 5/16
  4516 | D:5      | Reached skill level 5 in Spellcasting
  5594 | D:7      | Reached skill level 11 in Stealth
  5780 | D:7      | Found a staircase to the Ecumenical Temple.
  6278 | Temple   | Entered the Ecumenical Temple
  6448 | Temple   | Became a worshipper of Warmaster Okawaru
  6511 | Temple   | Gained mutation: You have large cloven feet. [potion of
                  | mutation]
  6511 | Temple   | Gained mutation: You are strong-willed. (Will+) [potion of
                  | mutation]
  6511 | Temple   | Gained mutation: Your magical capacity is low. (-10% MP)
                  | [potion of mutation]
  6511 | Temple   | Gained mutation: You have a pair of small antennae on your
                  | head. [potion of mutation]
  6512 | Temple   | Lost mutation: You have large cloven feet. [potion of
                  | mutation]
  6512 | Temple   | Lost mutation: You have a pair of small antennae on your
                  | head. [potion of mutation]
  6512 | Temple   | Gained mutation: You expend magic power (3 MP) to
                  | strengthen your wands. [potion of mutation]
  6512 | Temple   | Gained mutation: You are weak. (Str -2) [potion of
                  | mutation]
  6512 | Temple   | Gained mutation: Your system is resistant to poisons.
                  | (rPois) [potion of mutation]
  6991 | D:7      | Reached skill level 1 in Evocations
  7350 | D:8      | Reached skill level 5 in Dodging
  7473 | D:8      | Noticed a two-headed ogre
  7495 | D:8      | Killed a two-headed ogre
  7495 | D:8      | Reached * piety under Okawaru
  7496 | D:8      | Reached skill level 12 in Stealth
  7496 | D:8      | Reached XP level 9. HP: 22/42 MP: 3/17
  7636 | D:8      | Reached ** piety under Okawaru
  8168 | D:8      | Noticed a two-headed ogre
  8173 | D:8      | Killed a two-headed ogre
  8173 | D:8      | Reached *** piety under Okawaru
  8174 | D:8      | Reached skill level 13 in Stealth
  8179 | D:8      | Reached skill level 5 in Short Blades
  8179 | D:8      | Reached XP level 10. HP: 46/46 MP: 16/20
  8393 | D:9      | Reached **** piety under Okawaru
  8557 | D:9      | Noticed a two-headed ogre
  8557 | D:9      | Noticed a two-headed ogre
  8557 | D:9      | Noticed a centaur warrior
  8580 | D:9      | Killed a two-headed ogre
  8581 | D:9      | Reached skill level 14 in Stealth
  8642 | D:9      | Noticed a deep elf pyromancer
  8642 | D:9      | Noticed a centaur warrior
  8696 | D:9      | Received a gift from Okawaru
  8762 | D:9      | Noticed a tengu warrior
  8858 | D:9      | Killed a centaur warrior
  8858 | D:9      | Reached ***** piety under Okawaru
  8991 | D:9      | Killed a deep elf pyromancer
  8992 | D:9      | Reached skill level 15 in Stealth
  9125 | D:9      | Received a gift from Okawaru
  9214 | D:9      | Killed a two-headed ogre
  9215 | D:9      | Reached XP level 11. HP: 50/51 MP: 9/22
  9299 | D:9      | Killed a tengu warrior
  9429 | D:9      | Reached skill level 16 in Stealth
  9565 | D:9      | Noticed a skeletal warrior
  9565 | D:9      | Noticed a wolf spider
  9565 | D:9      | Noticed a deep elf pyromancer
  9785 | D:9      | Killed a wolf spider
  9788 | D:9      | Killed a skeletal warrior
  9833 | D:9      | Noticed a centaur warrior
  9841 | D:9      | Killed a centaur warrior
  9847 | D:9      | Noticed a centaur warrior
  9925 | D:9      | Killed a centaur warrior
  9926 | D:9      | Reached skill level 17 in Stealth
  9926 | D:9      | Reached skill level 5 in Ice Magic
 10038 | D:9      | Killed a centaur warrior
 10039 | D:9      | Reached skill level 10 in Spellcasting
 10199 | D:9      | Noticed a five-headed hydra
 10215 | D:9      | Killed a five-headed hydra
 10388 | D:9      | Killed a deep elf pyromancer
 10466 | D:9      | Identified a scroll of acquirement
 10466 | D:9      | Acquired a +3 quick blade of draining
 10565 | D:10     | Entered Level 10 of the Dungeon
 10581 | D:10     | Reached ****** piety under Okawaru
 10637 | D:10     | Reached skill level 1 in Invocations
 10684 | D:10     | Found a burning altar of Makhleb.
 10684 | D:10     | Found a glowing golden altar of the Shining One.
 10684 | D:10     | Found a shimmering altar of Xom.
 10694 | D:10     | Reached skill level 10 in Hexes
 11092 | D:10     | Found a white marble altar of Elyvilon.
 11123 | D:10     | Found an ancient bone altar of Kikubaaqudgha.
 11550 | D:11     | Noticed a two-headed ogre
 11557 | D:11     | Killed a two-headed ogre
 11557 | D:11     | Identified the +0 robe of the Volcano {rPois rC+} (Okawaru
                  | gifted it to you on level 11 of the Dungeon)
 11557 | D:11     | Received a gift from Okawaru
 11649 | D:11     | Found a staircase to the Lair.
 11674 | D:11     | Reached XP level 12. HP: 56/56 MP: 19/24
 11880 | D:11     | Learned a level 3 spell: Dazzling Flash
 11984 | D:11     | Found a runed translucent door.
 11986 | D:11     | Noticed Hubris850's ghost (journeyman MfIE)
 11987 | D:11     | Identified the +11 spear of Pain and Death {freeze, rC+
                  | Will+}
 12012 | D:11     | Found a sparkling altar of Nemelex Xobeh.
 12178 | D:11     | Noticed a boulder beetle
 12181 | D:11     | Killed a boulder beetle
 12214 | D:11     | Lost mutation: You are weak. (Str -2) [potion of mutation]
 12214 | D:11     | Lost mutation: Your magical capacity is low. (-10% MP)
                  | [potion of mutation]
 12214 | D:11     | Lost mutation: You expend magic power (3 MP) to strengthen
                  | your wands. [potion of mutation]
 12214 | D:11     | Gained mutation: You have sharp toenails. [potion of
                  | mutation]
 12791 | D:11     | Killed Hubris850's ghost
 12941 | D:11     | Identified the +9 short sword of Might {vorpal, rPois rF+
                  | rC+}
 13289 | Lair:1   | Entered Level 1 of the Lair of Beasts
 13313 | Lair:1   | Reached skill level 18 in Stealth
 13479 | Lair:1   | Learned a level 1 spell: Slow
 13818 | Lair:1   | Identified the +0 hat of Okawaru's Condemnation {Int+3}
                  | (Okawaru gifted it to you on level 1 of the Lair of Beasts)
 13818 | Lair:1   | Received a gift from Okawaru
 14519 | Lair:2   | Found a staircase to the Snake Pit.
 14525 | Lair:2   | Reached XP level 13. HP: 61/61 MP: 29/29
 14811 | Lair:2   | Found a staircase to the Shoals.
 15760 | Lair:3   | Found a hide-covered altar of Uskayaw.
 15784 | Lair:3   | Received a gift from Okawaru
 15994 | Lair:3   | Found a transporter.
 15999 | Lair:3   | Found a transporter.
 16021 | Lair:3   | Found a bloodstained altar of Trog.
 16047 | Lair:3   | Noticed SirDiesAlot's ghost (adept TeFE)
 16652 | Lair:3   | Identified the +6 acid dragon scales of Vanity {rN+ Will+
                  | rCorr Str+2} (Okawaru gifted it to you on level 3 of the
                  | Lair of Beasts)
 16652 | Lair:3   | Received a gift from Okawaru
 16778 | Lair:3   | Found a shadowy altar of Dithmenos.
 17347 | Lair:3   | Reached skill level 5 in Invocations
 17681 | Lair:3   | HP: 3/63 [spriggan berserker/+1 antimagic demon whip (28)]
 17917 | Lair:2   | Mangled by a spriggan berserker

Illustrated notes

Levels and vault maps discovered:
D:1:      sevenhm_arrival_forest_fort_small_4, layout_basic, serial_shops, shop
D:2:      layout_rooms, ebering_ecumenical_altar_ruins, solitary_fountain
D:3:      layout_basic, serial_corexii_hall, chequers_hall_statues_y,
          chequers_hall_statues_corner_a, corexii_hall_statues_t, uniq_jessica
D:4:      layout_cave_pools, ebering_ghost_rock_garden,
          chequers_serial_rivers_marsh, grunt_ministairs_6
D:5:      layout_layer_cave
D:6:      layout_basic
D:7:      layout_cave_pools, minmay_temple_entry_overgrown, uniq_menkaure
D:8:      layout_gridville
D:9:      layout_irregular_city, nicolae_rejected_hall
D:10:     layout_irregular_city, gammafunk_temple_overflow_claw,
          mainiacjoe_overflow_swirl
D:11:     minmay_blocky_corners, layout_basic, david_lair_generic,
          serial_corexii_hall, chequers_hall_statues_y, corexii_hall_statues_x,
          ebering_ghost_funeral_grove, nemelex_xobeh_ov_fountains_minmay
Temple:   bh_familiar_temple
Lair:1:   layout_concentric_octagons, serial_rivers,
          chequers_serial_rivers_room_b, chequers_serial_rivers_room_a,
          chequers_serial_rivers_micro_a, chequers_serial_rivers_marsh
Lair:2:   layout_small_grid, elwin_shoals_entry_stream,
          minmay_snake_entry_guardpost_medium, beast_lair_carwin_3,
          lemuel_fruit_fields, grunt_megastairs_3
Lair:3:   layout_hall_layers, basic_altar, gammafunk_ghost_wrathful_warriors,
          lemuel_centaur_altar, lemuel_fruit_fields, serial_bayou_shore_b

Skill      XL: |  1  2  3  4  5  6  7  8  9 10 11 12 13 |
---------------+----------------------------------------+-----
Dodging        | 3 4 5 6 7 8 9 |  9.5
Stealth        | 5 6 7 8 10 12 13 15 17 18 | 18.8
Hexes          | 4 5 6 7 9 10 11 | 11.7
Spellcasting   | 3 4 6 7 9 10 11 12 | 12.0
Short Blades   | 2 3 4 5 6 7 8 |  8.3
Ice Magic      | 1 2 3 4 5 6 |  6.8
Fighting       | 1 2 4 |  4.9
Evocations     | 2 |  2.9
Invocations    | 1 3 5 |  5.1
Throwing       | |  0.5

Action                   |  1- 3 |  4- 6 |  7- 9 | 10-12 | 13-15 || total
-------------------------+-------+-------+-------+-------+-------++-------
Melee: Dagger            |   106 |    70 |   215 |    70 |       ||   461
       Punch             |       |       |     1 |       |     3 ||     4
       Quick blade       |       |       |       |   134 |   111 ||   245
       Kick              |       |       |       |     8 |    33 ||    41
Throw: Dart              |       |       |       |     3 |       ||     3
 Cast: Ensorcelled Hiber |    13 |     9 |    68 |   121 |   109 ||   320
       Confusing Touch   |       |     3 |    14 |     8 |     1 ||    26
Evoke: Wand              |       |       |    18 |       |     1 ||    19
  Use: Scroll            |       |       |    11 |    22 |     1 ||    34
       Potion            |       |       |     2 |     1 |     2 ||     5
 Stab: Sleeping          |    21 |    13 |    44 |   101 |    46 ||   225
       Confused          |       |     3 |    10 |    11 |     1 ||    25
       Distracted        |       |       |     1 |       |       ||     1
Armor: Robe              |     9 |     2 |    37 |     4 |       ||    52
       Troll leather arm |       |       |       |     4 |     9 ||    13
       Acid dragon scale |       |       |       |       |    24 ||    24
Dodge: Dodged            |    70 |    39 |   200 |    89 |   174 ||   572

Table legend: (Time is in decaauts)
 A = Elapsed time spent in this place.
 B = Non-inter-level travel time spent in this place.
 C = Inter-level travel time spent in this place.
 D = Time resting spent in this place.
 E = Time spent auto-exploring this place.
 F = Levels seen in this place.
 G = Mean time per level.
                   A        B        C        D        E       F      G
               +--------+--------+--------+--------+--------+-----+--------+
         Total |  12927 |  12275 |    652 |   1857 |   6821 |  15 |  861.8 |
       Dungeon |   9359 |   8773 |    586 |    997 |   5397 |  11 |  850.8 |
        Temple |    189 |    183 |      6 |      0 |    102 |   1 |  189.0 |
          Lair |   3378 |   3318 |     60 |    859 |   1321 |   3 | 1126.0 |
               +--------+--------+--------+--------+--------+-----+--------+

Top non-repeatable levels by time:
     D:9: 1721 daAuts
  Lair:3: 1536 daAuts
  Lair:2: 1373 daAuts
    D:11: 1199 daAuts
     D:8: 999 daAuts
     D:6: 982 daAuts
     D:7: 949 daAuts
     D:5: 861 daAuts
     D:1: 749 daAuts
     D:4: 594 daAuts
     D:3: 550 daAuts
    D:10: 478 daAuts
  Lair:1: 469 daAuts
     D:2: 273 daAuts
  Temple: 189 daAuts
